Map: Overgrown Facility

Players

Nyck

  • Race: Terran Terran
  • Spawn Location: 3:00

Ekelpack

  • Race: Zerg Zerg
  • Spawn Location: 1:00

CLOUD - Winner!

  • Race: Terran Terran
  • League: Silver
  • Spawn Location: 9:00

tenek - Winner!

  • Race: Protoss Protoss
  • Spawn Location: 7:00

VOD

Have the link to the VOD?

Description

Time

  • Played on: Aug. 20, 2024, 1:53 p.m.
  • Length: 6:06
Show
View Real Time Build Order
Export as new Build Order

Nyck Terran 

Build Orders: Command Center First 

Get SALT Encoding   

  12  0:02  SCV  
  13  0:14  SCV  
  14  0:22  Supply Depot  
  14  0:26  SCV  
  15  0:43  SCV  
  16  0:57  SCV  
  17  1:04  Command Center  
  17  1:09  SCV  
  18  1:19  Barracks  
  18  1:23  SCV  
  19  1:31  Refinery  
  19  1:34  Refinery  
  19  1:39  SCV  
  20  1:49  Supply Depot  
  20  1:51  SCV  
  21  2:06  Orbital Command  
  21  2:11  Supply Depot  
  21  2:19  Refinery  
  21  2:24  SCV, Refinery  
  21  2:28  Marine  
  23  2:43  Orbital Command  
  23  2:48  SCV  
  24  2:57  Factory  
  24  2:59  Marine  
  24  3:02  SCV  
  26  3:11  SCV  
  27  3:14  SCV  
  28  3:23  SCV  
  28  3:26  SCV  
  30  3:35  SCV  
  30  3:38  SCV  
  32  3:44  Starport  
  32  3:47  Starport, Factory Reactor  
  32  3:49  Starport  
  32  3:50  Barracks Reactor  
  32  3:52  SCV  
  33  3:56  SCV  
  34  4:04  SCV  
  34  4:08  SCV  
  36  4:13  Armory  
  36  4:15  Armory  
  36  4:20  SCV x2  
  38  4:29  Starport Reactor  
  38  4:31  Starport Reactor  
  38  4:35  SCV  
  38  4:36  SCV  
  40  4:42  Viking x2  
  44  4:48  SCV x2  
  46  5:00  SCV x2  
  46  5:05  Viking  
  50  5:09  Viking x2  
  54  5:16  Supply Depot  
  54  5:18  SCV  
  54  5:19  SCV  
  53  5:21  Viking  
Show
View Real Time Build Order
Export as new Build Order

Ekelpack Zerg 

Build Orders: Pool First 

Get SALT Encoding   

  12  0:00  Drone  
  13  0:08  Drone  
  14  0:26  Spawning Pool  
  13  0:29  Drone  
  14  0:37  Overlord  
  14  0:55  Drone x2  
  14  0:56  Drone  
  17  1:04  Extractor  
  17  1:08  Drone  
  17  1:13  Queen  
  20  1:18  Drone  
  20  1:35  Hatchery  
  19  1:40  Drone  
  19  1:41  Drone  
  21  1:51  Overlord  
  21  1:58  Extractor  
  20  2:02  Drone  
  20  2:06  Lair  
  21  2:12  Drone  
  22  2:23  Drone x3  
  25  2:30  Drone  
  26  2:39  Drone  
  27  2:47  Queen  
  27  2:48  Drone  
  31  2:51  Drone  
  31  2:59  Zergling x4  
  31  3:00  Zergling x2  
  34  3:07  Overlord  
  34  3:35  Drone x2, Spire  
  34  3:37  Drone  
  34  3:39  Extractor  
  34  3:40  Drone  
  36  3:42  Overlord  
  36  3:46  Metabolic Boost  
  36  4:03  Overlord  
  36  4:05  Drone x2  
  36  4:06  Drone x3  
  41  4:10  Extractor  
  40  4:19  Drone  
  40  4:23  Overlord  
  41  4:39  Drone x2  
  41  4:40  Drone x2  
  41  4:42  Overlord  
  45  4:47  Mutalisk x5  
  45  4:48  Mutalisk  
  57  4:53  Drone  
  58  5:03  Drone  
  58  5:04  Drone, Overlord  
  52  5:29  Mutalisk x2  
  52  5:30  Mutalisk x2  
  56  5:50  Hatchery  
Show
View Real Time Build Order
Export as new Build Order

CLOUD Terran - Winner!

Build Orders:  

Get SALT Encoding   

  12  0:05  SCV  
  13  0:13  Supply Depot  
  13  0:18  SCV  
  14  0:38  Barracks  
  14  0:48  Supply Depot  
  14  0:52  Supply Depot  
  14  0:59  SCV  
  15  1:11  Barracks  
  15  1:31  Orbital Command  
  15  1:37  Marine  
  16  1:51  Supply Depot  
  16  1:53  Supply Depot  
  16  1:55  Marine  
  16  1:56  Refinery  
  16  2:00  SCV  
  18  2:05  Marine  
  19  2:13  Marine  
  20  2:16  SCV  
  21  2:27  Barracks  
  21  2:28  SCV  
  22  2:32  Marine  
  22  2:33  Marine  
  24  2:49  Marine  
  25  2:51  Marine  
  25  2:57  Factory  
  26  3:07  Marine  
  26  3:09  Marine  
  28  3:25  Marine  
  30  3:27  Marine  
  30  3:29  Barracks Tech Lab  
  30  3:33  Supply Depot  
  30  3:41  Factory Tech Lab  
  30  3:43  Marine  
  30  3:44  Supply Depot  
  30  3:45  Marine  
  32  3:50  Marine  
  33  4:01  Marine  
  34  4:02  Marine  
  34  4:05  Refinery  
  35  4:19  Marine  
  35  4:21  Marine x2  
  38  4:32  Siege Tank  
  38  4:37  Marine  
  42  4:38  Marine  
  42  4:39  Marine  
  42  4:45  Engineering Bay  
  44  5:00  Marine x3  
  47  5:08  Widow Mine  
  49  5:17  Marine  
  49  5:18  Marine x2  
  51  5:35  Marine  
  51  5:36  Marine x2  
Show
View Real Time Build Order
Export as new Build Order

tenek Protoss - Winner!

Build Orders: Carrier Rush 

Get SALT Encoding   

  12  0:10  Assimilator  
  12  0:19  Pylon  
  12  0:26  Probe  
  13  0:40  Gateway  
  13  0:43  Probe  
  14  0:55  Probe  
  15  1:07  Probe  
  16  1:19  Assimilator, Probe  
  17  1:29  Cybernetics Core  
  17  1:31  Probe  
  18  1:44  Probe  
  19  1:56  Probe  
  20  2:07  Stargate  
  20  2:08  Probe  
  21  2:20  Protoss Air Weapons Level 1 (Chrono Boost), Probe  
  22  2:32  Probe  
  23  2:51  Fleet Beacon  
  23  3:07  Nexus  
  23  3:20  Pylon  
  23  3:25  Carrier (Chrono Boost)  
  29  4:14  Carrier  
  35  4:52  Probe  
  36  4:55  Probe  
  37  5:02  Pylon  
  37  5:03  Pylon  
  37  5:04  Probe  
  37  5:05  Pylon  
  39  5:07  Probe  
  39  5:16  Probe  
  39  5:19  Probe  
  41  5:28  Probe  
  42  5:31  Probe  
  43  5:40  Probe  
  44  5:43  Probe  
Tags
 
Add a new tag
Caveats
  • Supply blocks, unpowered buildings, or Contaminate may cause inaccurate times.
  • Supply counts are checked every 10 seconds.